 Dungeon Crawl Stone Soup version 0.23.0 (webtiles) character file.

Game seed: 11157895443503789038

63 redwoodhats the Skirmisher (level 3, -4/29 HPs)
             Began as a Demonspawn Abyssal Knight on Feb 13, 2019.
             Was a Believer of Lugonu.
             Killed by divine providence
             ... invoked by an orc priest
              (13 damage)
             ... on level 3 of the Dungeon.
             The game lasted 00:10:09 (2525 turns).

redwoodhats the Skirmisher (DsAK)                   Turns: 2525, Time: 00:10:09

Health: -4/29      AC:  5    Str: 14    XL:     3   Next: 89%
Magic:  4/4        EV: 10    Int: 13    God:    Lugonu [**....]
Gold:   87         SH:  3    Dex: 13    Spells: 2/2 levels left

rFire    . . .     SeeInvis .   a - +2 falchion
rCold    + . .     Gourm    .   e - +0 buckler (curse)
rNeg     . . .     Faith    .   b - +0 leather armour
rPois    .         Spirit   .   (helmet restricted)
rElec    .         Reflect  .   (no cloak)
rCorr    .         Harm     .   (no gloves)
MR       .....                  (no boots)
Stlth    +.........             (no amulet)
HPRegen  0.09/turn              m - ring of protection from cold
MPRegen  0.09/turn              (no ring)

@: no status effects
A: horns 1, slimy green scales 1, strong 1
a: Depart the Abyss, Bend Space, Renounce Religion


You were on level 3 of the Dungeon.
You worshipped Lugonu.
Lugonu was pleased with you.
You were not hungry.

You visited 1 branch of the dungeon, and saw 3 of its levels.
You visited the Abyss 1 time.

You collected 87 gold pieces.

Inventory:

Hand Weapons
 a - a +2 falchion (weapon)
Armour
 b - a +0 leather armour (worn)
 e - a cursed +0 buckler (worn)
Jewellery
 m - a ring of protection from cold (left hand)
Scrolls
 l - a scroll of identify
Potions
 d - a potion of flight
Comestibles
 c - 2 rations


   Skills:
 + Level 3.3 Fighting
 + Level 2.9 Long Blades
 + Level 2.3 Armour
 + Level 1.0 Dodging
 + Level 0.2 Stealth
 + Level 0.1 Shields
 + Level 2.6 Invocations


You had 2 spell levels left.
You didn't know any spells.
Your spell library was empty.

Dungeon Overview and Level Annotations

Branches:
Dungeon (3/15)

Altars:


Innate Abilities, Weirdness & Mutations

You are partially covered in slimy green scales. (AC +2)
You have a pair of small horns on your head.
Your muscles are strong. (Str +2)


Message History

You block the orc's attack.
Found a scroll of amnesia.
You closely miss the orc priest. You hit the orc but do no damage.
You headbutt the orc.
The orc is almost dead.
You block the orc priest's attack. The orc hits you with a +0 mace.
The orc wizard casts a spell.
The orc wizard blinks!
The orc priest hits you but does no damage.
The orc priest calls down the wrath of Beogh upon you.
Beogh smites you!
Ouch! That really hurt!
The orc closely misses you.
The orc wizard casts a spell.
The orc wizard seems to speed up.
You completely miss the orc priest. You closely miss the orc priest.
The orc priest mumbles some strange prayers to Beogh against you.
Beogh smites you!
You die...

.### ...#####
.......##
.#.###..### ###
†.........# #..
#..#.#.#..# #.#
#.........# #.#
#..#.#.#..######o#
##.........##Koo@#
#.#.#.#.#....####
#......o###...$#
###..K####.........
......##
#....##...#
........o..##.#
..?# ...o...####
#.. ..# .......#
.... .# ........
.... ..


You could see an orc priest, 2 orcs and a kobold.

Vanquished Creatures
  Robin (D:2)
  2 oozes
  A dart slug (D:2)
  A leopard gecko (D:2)
  8 bats
  A giant cockroach (D:2)
  5 hobgoblins
  3 frilled lizards
  12 goblins
  3 kobolds
  A rat (D:1)
38 creatures vanquished.

Notes
Turn   | Place    | Note
-------+----------+-------------------------------------------
     0 | Abyss:1  | redwoodhats the Demonspawn Abyssal Knight began the quest
                  | for the Orb.
     0 | Abyss:1  | Reached XP level 1. HP: 18/18 MP: 2/2
   123 | D:1      | Escaped the Abyss
   875 | D:1      | Gained mutation: You are partially covered in slimy green
                  | scales. (AC +2) [demonic ancestry]
   875 | D:1      | Reached XP level 2. HP: 21/24 MP: 3/3
  1571 | D:1      | Gained mutation: You have a pair of small horns on your
                  | head. [potion of mutation]
  1571 | D:1      | Gained mutation: Your muscles are strong. (Str +2) [potion
                  | of mutation]
  1595 | D:2      | Noticed Robin
  1597 | D:2      | Reached XP level 3. HP: 27/29 MP: 4/4
  1600 | D:2      | Reached skill level 1 in Dodging
  1606 | D:2      | Killed Robin
  2360 | D:2      | Reached ** piety under Lugonu
  2525 | D:3      | Killed from afar by an orc priest

Skill      XL: |  1  2  3 |
---------------+----------+-----
Long Blades    | 2 |  2.9
Armour         | 2 |  2.3
Dodging        | 1 |  1.0
Fighting       | |  3.3
Stealth        | |  0.2
Shields        | |  0.1
Invocations    | |  2.6

Action                   || total
-------------------------++-------
Melee: Falchion          ||   114
       Headbutt          ||     8
  Use: Potion            ||     5
       Scroll            ||     4
  Eat: Ration            ||     2
       Chunk             ||     1
Armor: Leather armour    ||    49
Dodge: Dodged            ||    74
Block: Buckler           ||    21
       Rpst.: Falchion   ||    17
